 Dungeon Crawl Stone Soup version 0.19-a0-944-gb338e1e (webtiles) character file.

16793 Arkorax the Carver (level 12, 59/90 HPs)
             Began as a High Elf Berserker on July 10, 2016.
             Was a High Priest of Trog.
             Quit the game on level 10 of the Dungeon.
             The game lasted 00:17:37 (11371 turns).

Arkorax the Carver (High Elf Berserker)            Turns: 11371, Time: 00:17:37

Health: 59/90      AC: 19    Str: 20    XL:     12   Next: 13%
Magic:  13/13      EV: 13    Int: 14    God:    Trog [*****.]
Gold:   634        SH:  0    Dex: 19    Spells: 0 memorised, 11 levels left

rFire  . . .     SeeInvis +     b - +8 bow of Krishna "Sharnga" {speed, Dex+3 SInv}
rCold  . . .     Gourm    .     g - +0 plate armour
rNeg   . . .     Faith    .     (shield currently unavailable)
rPois  +         Spirit   .     j - +2 hat
rElec  .         Dismiss  .     y - +1 cloak
rCorr  .         Reflect  .     (no gloves)
SustAt .         Harm     .     O - +0 pair of boots
MR     +....                    W - amulet of magic regeneration
Stlth  ..........               u - ring of poison resistance
                                m - +5 ring of evasion

@: somewhat resistant to hostile enchantments, extremely unstealthy
A: talons 1, blurry vision 1, clever 1
a: Berserk, Trog's Hand, Brothers in Arms, Burn Spellbooks, Renounce Religion


You were on level 10 of the Dungeon.
You worshipped Trog.
Trog was extremely pleased with you.
You were not hungry.

You visited 2 branches of the dungeon, and saw 13 of its levels.

You collected 725 gold pieces.
You spent 91 gold pieces at shops.

Inventory:

Hand Weapons
 b - the +8 bow of Krishna "Sharnga" (weapon) {speed, Dex+3 SInv}
   (You acquired it on level 9 of the Dungeon)

   Attacks with this weapon are significantly faster.
   It affects your dexterity (+3).
   It lets you see invisible.
 f - the +7 great mace "Firestarter" {inner flame, rF++}
   (You took it off a fire giant on level 10 of the Dungeon)

   It has been specially enchanted to burn those struck by it, causing extra
   injury to most foes and up to half again as much damage against particularly
   susceptible opponents.
   It greatly protects you from fire.
 Z - a +2 great sword of flaming
Missiles
 p - 85 arrows (quivered)
Armour
 g - a +0 plate armour (worn)
 j - a +2 hat (worn)
 y - a +1 cloak (worn)
 K - a +1 ring mail of positive energy
 O - a +0 pair of boots (worn)
 Y - a +0 fire dragon armour
Rods
 S - a +0 rod of ignition (13/13)
   (You found it on level 10 of the Dungeon)
Jewellery
 h - an uncursed ring of see invisible {unknown}
 m - a +5 ring of evasion (left hand)
 u - a ring of poison resistance (right hand)
 v - a +1 ring of protection
 R - an uncursed ring of magical power {unknown}
 W - an amulet of magic regeneration (around neck)
Wands
 a - a wand of slowing (16/48)
 l - a wand of flame (14/48)
 r - a wand of slowing (23/48)
 B - a wand of random effects (19/48)
 C - a wand of digging (10/24)
 F - a wand of digging (14/24)
 G - a wand of slowing (43/48)
 H - a wand of slowing (36/48)
 L - a wand of paralysis (12/24)
 N - a wand of acid (6/15)
 T - a wand of lightning (6/15)
Scrolls
 d - 3 scrolls of fog
 e - 9 scrolls of identify
 i - 4 scrolls of teleportation
 n - 9 scrolls of remove curse
 t - 2 scrolls of blinking
 Q - 3 scrolls of noise
 U - a scroll of fear
Potions
 o - 2 potions of flight
 s - 2 potions of might
 w - 4 potions of curing
 D - a potion of ambrosia {unknown}
 E - 2 potions of haste {unknown}
 I - a potion of lignification {unknown}
 J - a potion of heal wounds
 M - 3 potions of cure mutation
 P - a potion of cancellation
 V - 5 potions of agility {unknown}
Comestibles
 c - 7 bread rations
 k - 3 beef jerkies
 q - 3 meat rations
 x - a chunk of flesh
 z - 2 slices of pizza
 A - 3 royal jellies


   Skills:
 + Level 11.7 Fighting
 - Level 11.9 Long Blades
 * Level 11.9 Bows
 + Level 8.9 Armour
 - Level 2.5 Dodging


You had 11 spell levels left.
You didn't know any spells.

Dungeon Overview and Level Annotations

Branches:
Dungeon (10/15)            Temple (0/1) D:7            Lair (3/6) D:9
  Swamp (0/4) Lair:3       Spider (0/4) Lair:3
    Orc: D:9-12

Altars:
Cheibriados
Nemelex Xobeh
Pakellas
Sif Muna
Trog
Xom

Shops:
D:4 (

Annotations:
D:3 exclusion: door


Innate Abilities, Weirdness & Mutations

You have sharp toenails.
Scrolls take you a little longer to read.
Your mind is acute. (Int +2)


Message History

You start resting.
Some of the chunks of flesh in your inventory have rotted away.
A fire bat is nearby!
Firing (i - inventory):
p - 87 arrows (quivered)
Press: ? - help, Shift-Dir - straight line, f - fire bat
Aim: a fire bat You shoot an arrow.
The arrow hits the fire bat!
The fire bat is heavily wounded.
Firing (i - inventory):
p - 86 arrows (quivered)
Press: ? - help, Shift-Dir - straight line, f/p - fire bat
Aim: a fire bat (heavily wounded)
You shoot an arrow. The arrow hits the fire bat!
You kill the fire bat!
Trog accepts your kill.
No target in view!
No target in view!
No target in view!
No target in view!
No target in view!
Are you sure you want to abandon this character and quit the game? (Confirm with "yes".)

###.### ##.(...##
#...#...##
##...(.....##
##..##...##..## #
#...#.....#...#.#
.#.....||=.....#.#
...#.........#...#
#......)@.....#......
#...#.....#...#....##
###..##...##..##....#
#.##.......).##.....#
#..##...#...##......#
##...##.....##.......#
#.....###)###........
#...................#
#...................#


There were no monsters in sight!

Vanquished Creatures
  A fire giant (D:10)
  Erica (D:10)
  A griffon (Lair:3)
  Joseph (D:8)
  A black mamba (Lair:1)
  5 spiny frogs
  A rime drake (Lair:2)
  3 komodo dragons
  A troll (D:10)
  A blink frog (Lair:1)
  A redback (Lair:3)
  A spriggan (D:9)
  A wyvern (D:9)
  20 yaks
  3 fire bats
  A hungry ghost (D:8)
  3 hippogriffs (Lair:3)
  6 insubstantial wisps (Lair:3)
  5 water moccasins
  6 porcupines
  An ice beast (D:7)
  2 phantoms
  3 sky beasts
  3 ogres
  2 eyes of draining (D:4)
  2 centaurs
  6 wolves (Lair:3)
  Blork the orc (D:4)
  4 crocodiles
  9 giant frogs
  2 big kobolds
  A gnoll sergeant (D:7)
  2 wyvern skeletons (D:6)
  A water moccasin skeleton (D:6)
  3 scorpions (D:9)
  5 killer bees (D:9)
  5 wights (D:7)
  6 howler monkeys
  2 crimson imps (D:9)
  2 giant frog zombies
  2 orc wizards (D:6)
  3 hounds
  4 orc priests
  A giant frog skeleton (D:6)
  4 iguanas
  7 worker ants
  A killer bee zombie (D:9)
  6 sheep (Lair:2)
  A hound zombie (D:6)
  Robin (D:3)
  8 gnolls
  A howler monkey skeleton (D:9)
  9 adders
  A river rat (D:9)
  2 shadow imps
  An adder skeleton (D:7)
  4 worms
  A dart slug (D:3)
  8 giant geckos
  26 orcs
  A ball python (D:1)
  6 giant cockroaches
  9 goblins
  11 hobgoblins
  3 jackals
  16 kobolds
  5 bats
  2 giant gecko skeletons
  6 giant newts
  6 rats
  A fungus (Lair:3)
282 creatures vanquished.

Vanquished Creatures (others)
  A sky beast (D:7)
1 creature vanquished.

Grand Total: 283 creatures vanquished

Notes
Turn   | Place    | Note
-------+----------+-------------------------------------------
     0 | D:1      | Arkorax the High Elf Berserker began the quest for the Orb.
     0 | D:1      | Reached XP level 1. HP: 16/16 MP: 2/2
   300 | D:1      | Reached XP level 2. HP: 21/21 MP: 3/3
   728 | D:2      | Reached XP level 3. HP: 25/26 MP: 4/4
   753 | D:2      | Found a faded altar of an unknown god.
   939 | D:2      | Reached ** piety under Trog
  1134 | D:3      | Noticed Robin
  1256 | D:2      | Reached XP level 4. HP: 32/33 MP: 5/5
  1308 | D:3      | Killed Robin
  1420 | D:3      | Found a deep blue altar of Sif Muna.
  1650 | D:3      | Reached skill level 5 in Long Blades
  1741 | D:3      | Found a glowing drain.
  1935 | D:3      | Found a deep blue altar of Sif Muna.
  2008 | D:3      | Reached XP level 5. HP: 37/38 MP: 6/6
  2071 | D:4      | Found a bloodstained altar of Trog.
  2071 | D:4      | Noticed an eye of draining
  2090 | D:4      | Noticed an eye of draining
  2102 | D:4      | Killed an eye of draining
  2102 | D:4      | Reached XP level 6. HP: 38/45 MP: 0/7
  2116 | D:4      | Reached skill level 5 in Fighting
  2257 | D:4      | Found Wigast's Antique Weapon Emporium.
  2265 | D:4      | Bought a long sword for 91 gold pieces
  2285 | D:4      | Noticed Blork the orc
  2302 | D:4      | Killed Blork the orc
  2310 | D:4      | Reached *** piety under Trog
  2463 | D:4      | Reached XP level 7. HP: 44/51 MP: 8/8
  2851 | D:5      | Entered Level 5 of the Dungeon
  3586 | D:6      | Reached XP level 8. HP: 23/58 MP: 9/9
  3957 | D:6      | Gained mutation: Scrolls take you a little longer to read. [potion of mutation]
  3957 | D:6      | Gained mutation: You have sharp toenails. [potion of mutation]
  3957 | D:6      | Gained mutation: Armour fits poorly on your strangely shaped body. [potion of mutation]
  3958 | D:6      | Gained mutation: Your magical capacity is low. (-10% MP) [potion of mutation]
  3958 | D:6      | Gained mutation: You are occasionally teleported next to monsters. [potion of mutation]
  3958 | D:6      | Gained mutation: You are sometimes teleported next to monsters. [potion of mutation]
  3959 | D:6      | Gained mutation: Your mind is acute. (Int +2) [potion of mutation]
  3959 | D:6      | Lost mutation: Armour fits poorly on your strangely shaped body. [potion of mutation]
  3961 | D:6      | Lost mutation: You are sometimes teleported next to monsters. [potion of cure mutation]
  3961 | D:6      | Lost mutation: You are occasionally teleported next to monsters. [potion of cure mutation]
  3961 | D:6      | Lost mutation: Your magical capacity is low. (-10% MP) [potion of cure mutation]
  4152 | D:6      | Found a snail-covered altar of Cheibriados.
  4641 | D:7      | Found a staircase to the Ecumenical Temple.
  4995 | D:7      | Reached **** piety under Trog
  5014 | D:7      | Reached XP level 9. HP: 57/66 MP: 10/10
  5192 | D:7      | Reached skill level 5 in Armour
  5460 | D:8      | Reached skill level 10 in Long Blades
  5911 | D:8      | Found a shimmering altar of Xom.
  5937 | D:8      | Noticed Joseph
  5953 | D:8      | Killed Joseph
  6132 | D:9      | Found a staircase to the Lair.
  6134 | D:9      | Noticed a komodo dragon
  6145 | D:9      | Killed a komodo dragon
  6155 | D:9      | Reached XP level 10. HP: 75/75 MP: 11/11
  6438 | D:9      | Reached ***** piety under Trog
  6606 | D:9      | Reached skill level 10 in Fighting
  6913 | D:9      | Identified a scroll of acquirement
  7387 | Lair:1   | Entered Level 1 of the Lair of Beasts
  7631 | D:9      | Found a sparkling altar of Nemelex Xobeh.
  7631 | D:9      | Noticed a centaur warrior
  7631 | D:9      | Noticed a fire crab
  7691 | D:10     | Entered Level 10 of the Dungeon
  7695 | D:10     | Reached skill level 1 in Bows
  7734 | D:10     | Found an oddly glowing altar of Pakellas.
  7777 | D:10     | Noticed a fire giant
  7959 | Lair:1   | Received a gift from Trog
  8038 | Lair:1   | Noticed a spiny frog
  8042 | Lair:1   | Killed a spiny frog
  8136 | Lair:1   | Noticed a spiny frog
  8144 | Lair:1   | Killed a spiny frog
  8144 | Lair:1   | Reached skill level 5 in Bows
  8423 | Lair:1   | Noticed a black mamba
  8433 | Lair:1   | Killed a black mamba
  8763 | Lair:1   | Reached XP level 11. HP: 82/82 MP: 12/12
  9089 | Lair:2   | Received a gift from Trog
 10186 | Lair:3   | Found a staircase to the Swamp.
 10248 | Lair:3   | Noticed a griffon
 10256 | Lair:3   | Killed a griffon
 10323 | Lair:3   | Found a hole to the Spider Nest.
 10366 | Lair:3   | Reached skill level 10 in Bows
 11104 | D:10     | Killed a fire giant
 11104 | D:10     | Reached XP level 12. HP: 90/90 MP: 13/13
 11182 | D:10     | Noticed Erica
 11197 | D:10     | Killed Erica
 11205 | D:10     | Received a gift from Trog
 11371 | D:10     | Quit the game

Vault maps used:
D:1:      evilmike_arrival_crescent
D:2:      ecumenical_altar_1, serial_bayou_crossing
D:3:      old_standard_altar, gup_sewer_entry_pipe, fountainhead, led_sif_book,
          uniq_robin
D:4:      trog_eyes_of_draining, first_bread, serial_shops, shop_fountains,
          uniq_blork_the_orc
D:6:      marbit_many_paths
D:8:      kennysheep_mini_moat, uniq_joseph
D:9:      dpeg_lair_monsters, the_bakery, minivault_24, grunt_nemelex_the_gamble
D:10:     minmay_firetagon, grunt_pakellas_basics, uniq_erica, uniq_josephine
Lair:1:   nicolae_quartered_pool_little
Lair:3:   minmay_swamp_entry_wisps, spider_nest_entry_a,
          infiniplex_staircase_pool

Skill      XL: |  1  2  3  4  5  6  7  8  9 10 11 |
---------------+----------------------------------+-----
Long Blades    | 4 5 6 7 9 11 | 11.9
Armour         | 2 3 4 5 7 8 |  8.9
Fighting       | 4 5 6 8 9 10 11 | 11.7
Bows           | 6 11 | 11.9
Dodging        | |  2.5

Action                   |  1- 3 |  4- 6 |  7- 9 | 10-12 || total
-------------------------+-------+-------+-------+-------++-------
Melee: Falchion          |   161 |   198 |    18 |       ||   377
       Long sword        |       |    46 |   572 |   226 ||   844
       Kick              |       |       |   148 |       ||   148
       Great sword       |       |       |       |    25 ||    25
       Great mace        |       |       |       |     7 ||     7
 Fire: Longbow           |       |       |       |   297 ||   297
Invok: Trog's Hand       |       |     1 |     4 |     1 ||     6
       Berserk           |       |     1 |     3 |       ||     4
       Burn Spellbooks   |       |       |     2 |     3 ||     5
  Use: Scroll            |       |       |    12 |     8 ||    20
       Potion            |       |       |     6 |     1 ||     7
  Eat: Chunk             |     1 |     6 |     5 |     5 ||    17
       Bread ration      |       |       |     2 |     3 ||     5
       Meat ration       |       |       |     1 |       ||     1
Armor: Plate armour      |    68 |    75 |   226 |   153 ||   522
       Animal skin       |     1 |       |       |       ||     1
Dodge: Dodged            |    65 |   115 |   244 |   208 ||   632
